 Dungeon Crawl Stone Soup version 0.25.0-11-g1f837a7 (webtiles) character file.

Game seed: 7140278965652954658

2983 XxsatanxX the Fighter (level 9, -17/85 HPs)
             Began as a Hill Orc Berserker on June 27, 2020.
             Was a High Priest of Trog.
             Demolished by an orc warrior
             ... wielding a +0 trident
              (21 damage)
             ... in a bailey.
             The game lasted 00:10:00 (6736 turns).

XxsatanxX the Fighter (Hill Orc Berserker)          Turns: 6736, Time: 00:10:00

Health: -17/85     AC: 15    Str: 20    XL:     9   Next: 83%
Magic:  9/9        EV: 13    Int:  7    God:    Trog [*****.]
Gold:   456        SH:  0    Dex: 13    Spells: 8/8 levels left

rFire    . . .     SeeInvis +   a - +0 hand axe
rCold    . . .     Gourm    .   (no shield)
rNeg     . . .     Faith    +   J - +2 swamp dragon scales
rPois    +         Spirit   .   (no helmet)
rElec    .         Reflect  .   v - +0 cloak
rCorr    .         Harm     .   j - +0 pair of gloves (curse)
MR       .....                  w - +0 pair of boots
Stlth    +.........             s - amulet of faith
HPRegen  0.24/turn              l - ring of see invisible
MPRegen  0.11/turn              (no ring)

@: berserk cooldown, slowed, very slow
A: no striking features
a: Berserk, Trog's Hand, Brothers in Arms, Renounce Religion


You were in a bailey.
You worshipped Trog.
Trog was extremely pleased with you.
You were hungry.

You visited 1 branch of the dungeon, and saw 7 of its levels.
You also visited: Bailey.

You collected 456 gold pieces.

Inventory:

Hand Weapons
 a - a +0 hand axe (weapon)
 G - a +0 vorpal war axe
 I - a +1 long sword of flaming
Armour
 j - a cursed +0 pair of gloves (worn)
 v - a +0 cloak (worn)
 w - a +0 pair of boots (worn)
 J - +2 swamp dragon scales (worn)
Jewellery
 d - an uncursed amulet of reflection
 l - a ring of see invisible (left hand)
 s - an amulet of faith (around neck)
 u - an uncursed amulet of regeneration {unknown}
Wands
 n - a wand of paralysis (9)
 D - a wand of flame (19)
Scrolls
 h - a scroll of enchant weapon
 i - 2 scrolls of noise
 k - 2 scrolls of teleportation
 p - 2 scrolls of amnesia {unknown}
 q - 5 scrolls of remove curse {unknown}
 x - a scroll of magic mapping {unknown}
 y - a scroll of immolation {unknown}
 A - a scroll of fear {unknown}
 B - 2 scrolls of blinking {unknown}
 H - a scroll of enchant armour {unknown}
 K - a scroll of acquirement {unknown}
Potions
 b - 4 potions of flight {unknown}
 e - 3 potions of berserk rage {unknown}
 f - a potion of stabbing {unknown}
 g - 3 potions of curing {unknown}
 m - 5 potions of lignification {unknown}
 o - 3 potions of invisibility {unknown}
 r - 5 potions of heal wounds {unknown}
 z - a potion of brilliance {unknown}
 C - 3 potions of resistance {unknown}
 E - a potion of degeneration {unknown}
 L - a potion of might {unknown}
Comestibles
 c - 14 rations
 t - 18 chunks of flesh


   Skills:
 + Level 10.1 Fighting
 * Level 9.5 Axes
 + Level 6.8 Armour
 + Level 5.2 Dodging


You had 8 spell levels left.
You didn't know any spells.
Your spell library was empty.

Dungeon Overview and Level Annotations

Branches:
Dungeon (7/15)             Temple (0/1) D:6          Bailey (1/1)

Altars:
Cheibriados
Dithmenos
Kikubaaqudgha
Nemelex Xobeh
Trog
Uskayaw
Vehumet
Yredelemnul
Zin


Message History

You hit the orc warrior but do no damage.
The orc warrior is almost dead.
The orc warrior hits you from afar with a +0 trident!!
* * * LOW HITPOINT WARNING * * *
You closely miss the orc warrior.
The orc warrior is almost dead.
The orc warrior barely misses you.
You slash the orc warrior!
You kill the orc warrior!
Trog accepts your kill.
The orc warrior hits you from afar with a +0 trident!!
* * * LOW HITPOINT WARNING * * *
You see here a runed dire flail {god gift}.
You feel a strong urge to attack something.
You are no longer berserk.
You are exhausted.
You feel yourself slow down.
There is an open gate here.
The orc warrior hits you from afar with a +0 trident!!
You die...

#...#
###'###
##.....##
#.).))..#
#))..)..#
#..)))..#
#....)..#
#.......#
##..@..##
##'''##
#..o..#
#..o..#
#.....#
#.....#
#..)..#
##'''##
#).)).#


You could see an orc knight (strong) and an orc warrior (strong).

Vanquished Creatures
  An orc knight (Bailey)
  Maggie (D:6)
  Duvessa (D:5)
  Edmund (D:4)
  4 orc warriors (Bailey)
  A sky beast (D:6)
  3 ogres
  A centaur (D:5)
  Blork the orc (D:5)
  A bullfrog (D:6)
  Dowan (D:5)
  A howler monkey (D:5)
  A crimson imp (D:5)
  A centaur zombie (D:7)
  A bullfrog zombie (D:6)
  7 orc wizards
  6 orc priests
  3 hounds (D:6)
  A bullfrog skeleton (D:5)
  An iguana (D:5)
  Ijyb (D:5)
  5 worker ants
  A worker ant zombie (D:5)
  4 adders
  2 oozes
  An adder skeleton (D:5)
  3 worms
  5 dart slugs
  6 leopard geckos
  61 orcs
  A ball python (D:6)
  7 bats
  3 giant cockroaches
  12 goblins
  6 hobgoblins
  5 jackals
  5 quokkas
  3 frilled lizards
  2 jackal skeletons (D:4)
  A kobold (D:2)
  A quokka zombie (D:5)
  4 rats
177 creatures vanquished.

Vanquished Creatures (others)
  An orc (D:5)
1 creature vanquished.

Grand Total: 178 creatures vanquished

Notes
Turn   | Place    | Note
-------+----------+-------------------------------------------
     0 | D:1      | XxsatanxX the Hill Orc Berserker began the quest for the
                  | Orb.
     0 | D:1      | Reached XP level 1. HP: 19/19 MP: 1/1
   146 | D:1      | Reached XP level 2. HP: 7/27 MP: 2/2
   393 | D:1      | Reached skill level 4 in Fighting
   501 | D:1      | Reached XP level 3. HP: 33/33 MP: 3/3
   915 | D:2      | Found a radiant altar of Vehumet.
  1433 | D:2      | Found a faded altar of an unknown god.
  1561 | D:2      | Reached ** piety under Trog
  1561 | D:2      | Reached XP level 4. HP: 41/41 MP: 4/4
  2370 | D:3      | Found a sparkling altar of Nemelex Xobeh.
  2562 | D:3      | Reached skill level 5 in Fighting
  2582 | D:3      | Reached XP level 5. HP: 45/48 MP: 5/5
  2627 | D:3      | Reached skill level 5 in Axes
  3048 | D:4      | Found a glowing silver altar of Zin.
  3054 | D:4      | Found a runed translucent door.
  3054 | D:4      | Noticed a human
  3057 | D:4      | Found a basalt altar of Yredelemnul.
  3111 | D:4      | Reached XP level 6. HP: 56/56 MP: 6/6
  3122 | D:4      | Found a hide-covered altar of Uskayaw.
  3124 | D:4      | Noticed Edmund
  3151 | D:4      | Killed Edmund
  3151 | D:4      | Reached skill level 6 in Fighting
  3159 | D:4      | Reached *** piety under Trog
  3281 | D:4      | Reached XP level 7. HP: 28/64 MP: 7/7
  3497 | D:4      | Found a snail-covered altar of Cheibriados.
  3864 | D:4      | Reached skill level 7 in Fighting
  4050 | D:5      | Entered Level 5 of the Dungeon
  4240 | D:5      | Noticed Blork the orc
  4256 | D:5      | Reached XP level 8. HP: 49/73 MP: 8/8
  4261 | D:5      | Killed Blork the orc
  4546 | D:5      | Reached skill level 5 in Armour
  4680 | D:5      | Noticed Dowan
  4682 | D:5      | Noticed Duvessa
  4700 | D:5      | Killed Duvessa
  4700 | D:5      | Reached skill level 8 in Fighting
  4702 | D:5      | Reached **** piety under Trog
  4704 | D:5      | Killed Dowan
  4831 | D:5      | Found a shadowy altar of Dithmenos.
  4864 | D:5      | Noticed Ijyb
  4885 | D:5      | Killed Ijyb
  5361 | D:6      | Noticed Maggie
  5402 | D:6      | Killed Maggie
  5402 | D:6      | Reached skill level 9 in Fighting
  5402 | D:6      | Reached XP level 9. HP: 25/83 MP: 9/9
  6030 | D:6      | Found a bloodstained altar of Trog.
  6053 | D:6      | Found a staircase to the Ecumenical Temple.
  6166 | D:6      | Found an ancient bone altar of Kikubaaqudgha.
  6519 | D:7      | Found a flagged portal.
  6543 | Bailey   | Entered a bailey
  6647 | Bailey   | Reached ***** piety under Trog
  6708 | Bailey   | Noticed an orc knight
  6712 | Bailey   | Received a gift from Trog
  6714 | Bailey   | Reached skill level 5 in Dodging
  6719 | Bailey   | Noticed an orc knight
  6724 | Bailey   | Killed an orc knight
  6724 | Bailey   | Reached skill level 10 in Fighting
  6729 | Bailey   | HP: 3/127 [orc warrior/+0 trident (21)]
  6736 | Bailey   | Demolished by an orc warrior

Illustrated notes

Levels and vault maps discovered:
D:1:      kennysheep_arrival_forest, layout_rooms, minmay_misc_feat_tower
D:2:      layout_loops_ring, vehumet_crystals, chequers_ecumenical_altar_twisty,
          hangedman_glass_teeth, minmay_misc_feat_chi
D:3:      layout_basic, first_ration, fountainhead,
          nemelex_xobeh_ov_fountains_minmay
D:4:      layout_rooms, zin_statuary, kennysheep_little_box,
          eat_drink_and_be_merry_uskayaw, dk_yredelemnul_ordeal, uniq_edmund
D:5:      layout_basic, overflow_temple_1_default, uniq_duvessa,
          uniq_blork_the_orc, uniq_ijyb
D:6:      layout_basic, nicolae_overflow_crystal_walls, kennysheep_mini_moat,
          minmay_temple_entry_nine_rooms, uniq_maggie
D:7:      layout_layer_cave, lemuel_doored_altar, kennysheep_mini,
          enter_bailey_3
Bailey:   bailey_polearm_5, bailey

Skill      XL: |  1  2  3  4  5  6  7  8  9 |
---------------+----------------------------+-----
Fighting       | 4 5 6 7 9 10 | 10.1
Dodging        | 2 3 4 5 |  5.2
Armour         | 3 4 5 6 |  6.8
Axes           | 5 6 7 9 |  9.5

Action                   |  1- 3 |  4- 6 |  7- 9 || total
-------------------------+-------+-------+-------++-------
Melee: Hand axe          |   111 |   180 |   355 ||   646
Invok: Berserk           |     1 |     2 |     6 ||     9
       Trog's Hand       |       |     1 |     2 ||     3
Evoke: Wand              |       |       |    10 ||    10
  Use: Scroll            |       |       |     4 ||     4
  Eat: Chunk             |     3 |     8 |    16 ||    27
Armor: Animal skin       |     8 |       |       ||     8
       Chain mail        |    48 |   107 |   122 ||   277
       Swamp dragon scal |       |       |    61 ||    61
Dodge: Dodged            |    60 |    90 |   193 ||   343
